 Dungeon Sprint DCSS version 0.18-a0-1435-gee79d65 (webtiles) character file.

6 geek the Skirmisher (level 1, -2/19 HPs)
             Began as a Mummy Chaos Knight on Feb 28, 2016.
             Killed by the severe capriciousness of Xom (21 damage)
             ... in the Dungeon (Sprint IX: "|||||||||||||||||||||||||||||").
             The game lasted 00:01:36 (6528 turns).

geek the Skirmisher (Mummy Chaos Knight)            Turns: 6528, Time: 00:01:37

Health: -2/19      AC:  5    Str: 15      XL:     1   Next: 75%
Magic:  1/1        EV: 11    Int: 10 (11) God:    Xom [....*.]
Gold:   16         SH:  0    Dex: 11      Spells: 0 memorised, 0 levels left

rFire  x . .     SeeInvis .     d - +2 dagger (elec)
rCold  + . .     Gourm    .     b - +2 leather armour
rNeg   + + +     Faith    .     (no shield)
rPois  ∞         Spirit   .     (no helmet)
rElec  .         Dismiss  .     (no cloak)
rCorr  .         Reflect  .     (no gloves)
SustAt .         Harm     .     (no boots)
MR     .....     NoTele   +     (no amulet)
Stlth  +.........               (no ring)
                                (no ring)

@: not resistant to hostile enchantments, very unstealthy
A: no food or potions, fire vulnerability, cold resistance 1, negative energy
resistance 3, torment resistance, unbreathing
a: Renounce Religion


You were in the Dungeon.
You worshipped Xom.
You were a BORING thing.
You were not hungry.

You visited 1 branch You collected 16 gold pieces.

Inventory:

Hand Weapons
 a - a +0 falchion of chaos
 d - a +2 dagger of electrocution (weapon)
 e - a +0 rapier
Armour
 b - a +2 leather armour (worn)
Wands
 f - a wand of random effects (38/48)
Scrolls
 c - a scroll of blinking


   Skills:
 + Level 3.8 Fighting
 + Level 3.2 Long Blades
 + Level 1.8 Armour
 + Level 0.7 Dodging


You couldn't memorise any spells.
You didn't know any spells.

Dungeon Overview and Level Annotations

Branches:
Dungeon (1/1)

Altars:


Innate Abilities, Weirdness & Mutations

You do not eat or drink.
Your flesh is vulnerable to fire.
You are immune to poison.
Your flesh is cold resistant.
You are immune to negative energy.
You are immune to unholy pain and torment.
You can survive without breathing.


Message History

You start waiting.
You start waiting.
You start waiting.
You start waiting.
You start waiting.
You start waiting.
You start waiting.
Xom is getting BORED.
You start waiting.
You are now a BORING thing.
You start waiting.
You start waiting.
You start waiting.
You start waiting.
You start waiting.
Xom's attention turns to you. Energy rips through your body!
Ouch! That really hurt!
You die...
Xom roars with laughter!

▓.▓!▓.▓.▓######
▓.▓+▓.▓.▓######
▓.▓.▓.▓.▓######
▓.▓.▓.▓.▓######
▓.▓.▓.▓'▓######
▓.▓.▓.▓.▓######
▓.▓.▓.▓.▓######
▓.▓.▓.▓%▓######
..▓...▓@▓######
▓▓▓▓▓▓▓▓▓######


There were no monsters in sight!

Vanquished Creatures
  A giant gecko (D)
  2 goblins (D)
  A giant newt (D)
  A rat (D)
5 creatures vanquished.

Vanquished Creatures (others)
  A spatial maelstrom (D)
1 creature vanquished.

Grand Total: 6 creatures vanquished

Notes
Turn   | Place    | Note
--------------------------------------------------------------
     0 | D        | geek the Mummy Chaos Knight began the quest for the Orb.
     0 | D        | Reached XP level 1. HP: 18/18 MP: 1/1
     9 | D        | Banished a spatial maelstrom
   773 | D        | XOM: divination: detect creatures
   921 | D        | XOM: silly message
  1618 | D        | XOM is BORED!
  1618 | D        | XOM: medium Erth miscast
  1833 | D        | XOM: divination: detect items
  2081 | D        | XOM: vitrification
  2531 | D        | XOM: god gift: slice of pizza
  2822 | D        | XOM: divination: detect creatures
  2937 | D        | XOM: god gift: 16 gold pieces
  3164 | D        | XOM is BORED!
  3164 | D        | XOM: medium Chrm miscast
  3508 | D        | XOM: scenery: 1 doors open, 1 doors close
  3701 | D        | XOM: scenery: 1 doors open, 1 doors close
  4263 | D        | XOM: noise
  4523 | D        | XOM: stat loss: -1 Int (10/11)
  4803 | D        | XOM: god gift: rapier {god gift}
  4944 | D        | XOM: god gift: bread ration
  5293 | D        | XOM: god gift: encrusted copper wand {god gift}
  5555 | D        | XOM: mild Air miscast
  6528 | D        | XOM is BORED!
  6528 | D        | XOM: medium Conj miscast
  6528 | D        | Killed by the severe capriciousness of Xom

Vault maps used:
D:        linesprint

Skill      XL: |  1 |
---------------+----+-----
Long Blades    | 3 |  3.2
Fighting       | |  3.8
Armour         | |  1.8
Dodging        | |  0.7

Action                   || total
-------------------------++-------
Melee: Falchion          ||    15
